 Dungeon Crawl Stone Soup version 0.32-a0-986-ga09f62fbf4 (webtiles) character file.

Game seed: 4580959183212636260

9 elagabalus the Covered (level 2, 25/25 HPs)
             Began as an Armataur Fighter on Apr 21, 2024.
             Quit the game on level 1 of the Dungeon.
             The game lasted 00:01:00 (144 turns).

elagabalus the Covered (Armataur Fighter)            Turns: 144, Time: 00:01:01

Health: 25/25      AC:  6    Str: 21    XL:     2   Next: 3%
Magic:  2/2        EV:  6    Int:  8    God:
Gold:   0          SH:  4    Dex:  9    Spells: 1/1 levels left

rFire   . . .        a - +0 trident
rCold   . . .        c - +0 buckler
rNeg    . . .        b - +0 scale mail
rPois   .            (no helmet)
rElec   .            (no cloak)
rCorr   .            (no gloves)
SInv    .            (no barding)
Will    .....        (no amulet) Stlth
                     (no ring)
HPRegen 0.24/turn    (no ring)
MPRegen 0.08/turn

%: roll
@: no status effects
A: large, deformed body, tough skin 3, armoured tail, rollpage 1
a: no special abilities


You were on level 1 of the Dungeon.
You visited 1 branch of the dungeon, and saw 1 of its levels.

Inventory:

Hand Weapons
 a - a +0 trident (weapon)
Armour
 b - a +0 scale mail (worn)
 c - a +0 buckler (worn)
Scrolls
 e - a scroll of enchant weapon {unknown}
Potions
 d - a potion of might
 f - a potion of heal wounds {unknown}
 g - 2 potions of cancellation {unknown}


   Skills:
 - Level 2.6 Fighting
 * Level 2.2 Polearms
 - Level 3.6 Armour
 - Level 3.2 Shields


You had one spell level left.
You didn't know any spells.
Your spell library contained the following spells:

 Spells                   Type           Power      Damage    Failure   Level
 Frozen Ramparts          Ice            0%         1d1       99%         3
 Ozocubu's Armour         Ice            0%         N/A       99%         3
 Metabolic Englaciation   Hex/Ice        0%         N/A       100%        5


Dungeon Overview and Level Annotations

Branches:
Dungeon (1/15)

Altars:


Innate Abilities, Weirdness & Mutations

Armour fits poorly on your strangely shaped body.
You have extremely tough skin. (AC +3)
You have a long armoured tail.
You regenerate magic when rolling toward enemies. (Rampage MPRegen)


Message History

You kill the kobold!
Things that are here:
a +0 dagger; a kobold corpse
There is an open door here.
There is an open door here.
A hobgoblin comes into view.
The hobgoblin shouts!
You roll towards the hobgoblin!
You hit the hobgoblin but do no damage. You tail-slap the hobgoblin.
The hobgoblin is moderately wounded.
The hobgoblin hits you but does no damage.
You puncture the hobgoblin!
You kill the hobgoblin!
A rat comes into view.
The rat squeaks loudly.
You roll towards the rat!
Found a green potion and 2 fizzy pink potions.
You hit the rat but do no damage. The rat bites you but does no damage.
You barely miss the rat. The rat completely misses you.
You closely miss the rat. The rat bites you but does no damage.
The rat barely misses you.
You hit the rat.
You kill the rat!
You see here a rat corpse.
f - a green potion
g - 2 fizzy pink potions A hobgoblin comes into view.
Found a book of Winter.
The hobgoblin shouts!
You roll towards the hobgoblin!
You closely miss the hobgoblin. You tail-slap the hobgoblin.
You kill the hobgoblin!
You have reached level 2!
You see here a hobgoblin corpse.
You pick up a book of Winter and begin reading...
You add the spells Frozen Ramparts, Ozocubu's Armour and Metabolic Englaciation to your library.
Saving game... please wait.
Welcome back, elagabalus the Armataur Fighter.
Press ? for a list of commands and other information.
Are you sure you want to abandon this character and quit the game? (Confirm with "yes".)

#....†.#
#....#.#
#....#.###
######...#
###.##
#..# .
##.# ##...
#.#......
#@.......
#..##.#..
#...#
##....
....#
.....#
.....#
..^...


There were no monsters in sight!

Vanquished Creatures
  A dart slug (D:1)
  2 hobgoblins (D:1)
  A quokka (D:1)
  A frilled lizard (D:1)
  A kobold (D:1)
  A rat (D:1)
7 creatures vanquished.

Notes
Turn   | Place    | Note
-------+----------+-------------------------------------------
     0 | D:1      | elagabalus the Armataur Fighter began the quest for the
                  | Orb.
     0 | D:1      | Reached XP level 1. HP: 18/18 MP: 1/1
   133 | D:1      | Reached XP level 2. HP: 25/25 MP: 2/2
   144 | D:1      | Quit the game

Illustrated notes

Levels and vault maps discovered:
D:1:      sevenhm_arrival_forest_fort_large_4, layout_rooms, serial_curves,
          eino_curves_01, eino_curves_02, eino_curves_02,
          hangedman_decor_growths

Skill      XL: |  1 |
---------------+----+-----
Polearms       | 2 |  2.2
Fighting       | |  2.6
Armour         | |  3.6
Shields        | |  3.2

Action                     || total
---------------------------++-------
  Melee: Trident           ||    23
         Tailslap          ||     4
 Armour: Scale mail        ||    10
  Dodge: Dodged            ||     9
  Block: Buckler           ||     2

Table legend: (Time is in decaauts)
 A = Elapsed time spent in this place.
 B = Non-inter-level travel time spent in this place.
 C = Inter-level travel time spent in this place.
 D = Time resting spent in this place.
 E = Time spent auto-exploring this place.
 F = Levels seen in this place.
 G = Mean time per level.
                   A        B        C        D        E       F      G
               +--------+--------+--------+--------+--------+-----+--------+
         Total |    149 |    149 |      0 |      0 |      0 |   1 |  149.0 |
       Dungeon |    149 |    149 |      0 |      0 |      0 |   1 |  149.0 |
               +--------+--------+--------+--------+--------+-----+--------+

Top non-repeatable levels by time:
     D:1: 149 daAuts
